 Dungeon Crawl Stone Soup version 0.21.1-1-g345015f (webtiles) character file.

10555 tamerofbeasts the Cruncher (level 11, -2/99 HPs)
             Began as a Minotaur Fighter on Feb 12, 2018.
             Was an Initiate of Gozag.
             Slain by an eight-headed hydra (10 damage)
             ... on level 2 of the Lair of Beasts on Feb 15, 2018.
             The game lasted 00:27:45 (8973 turns).

tamerofbeasts the Cruncher (Minotaur Fighter)       Turns: 8973, Time: 00:27:46

Health: -2/99      AC: 15    Str: 23    XL:     11   Next: 37%
Magic:  0/10       EV: 11    Int:  5    God:    Gozag
Gold:   1508       SH:  0    Dex: 17    Spells: 10/10 levels left

rFire    . . .     SeeInvis .   r - +2 quarterstaff (chaos)
rCold    . . .     Gourm    .   (shield currently unavailable)
rNeg     . . .     Faith    .   d - +0 chain mail
rPois    +         Spirit   +   (helmet restricted)
rElec    +         Reflect  .   B - scarf {Spirit}
rCorr    .         Harm     .   e - +2 pair of gloves of the Equator {rElec rPois MR- Dex+4}
MR       .....                  (no boots)
Stlth    ..........             (no amulet)
HPRegen  0.26/turn              H - +2 ring of strength
MPRegen  0.12/turn              I - ring of stealth

@: about to teleport
A: retaliatory headbutt, horns 2
a: Potion Petition, Call Merchant, Bribe Branch, Renounce Religion


You were on level 2 of the Lair of Beasts.
You worshipped Gozag.
Gozag was most pleased with you.
You were very full.

You visited 2 branches of the dungeon, and saw 10 of its levels.
You also visited: Bailey and Ice Cave.

You collected 1629 gold pieces.
You spent 55 gold pieces at shops.
You paid 66 gold pieces to Gozag.

Inventory:

Hand Weapons
 a - a +0 trident
 r - a +2 quarterstaff of chaos (weapon)
Armour
 d - a +0 chain mail (worn)
 e - the +2 pair of gloves of the Equator (worn) {rElec rPois MR- Dex+4}
   (You found it on level 7 of the Dungeon)

   It affects your dexterity (+4).
   It insulates you from electricity.
   It protects you from poison.
   It affects your resistance to hostile enchantments.
 y - a +0 pair of gloves
 A - a +0 plate armour
 B - a scarf of spirit shield (worn)
Jewellery
 i - an uncursed ring of flight
 l - an uncursed ring of protection from fire
 G - a +5 ring of protection {unknown}
 H - a +2 ring of strength (left hand)
 I - a ring of stealth (right hand)
 K - an uncursed ring of ice {unknown}
Wands
 b - a wand of disintegration (17)
 p - a wand of enslavement (14)
 J - a wand of scattershot (4)
Scrolls
 c - 3 scrolls of enchant armour {unknown}
 g - a scroll of fog {unknown}
 h - 2 scrolls of amnesia
 j - 5 scrolls of remove curse
 k - 3 scrolls of noise
 q - a scroll of blinking
 s - 3 scrolls of teleportation
 x - 5 scrolls of magic mapping
 C - 2 scrolls of identify
Potions
 n - 4 potions of haste {unknown}
 o - a potion of degeneration {unknown}
 t - 4 potions of brilliance {unknown}
 u - 6 potions of curing {unknown}
 v - 3 potions of mutation {unknown}
 w - a potion of invisibility {unknown}
 z - a potion of cancellation {unknown}
 D - 2 potions of flight {unknown}
 E - a potion of ambrosia {unknown}
 F - 2 potions of agility {unknown}
Books
 m - a book of Changes

   Spells                             Type                      Level
   a - Beastly Appendage              Transmutation                1
   b - Sticks to Snakes               Transmutation                2
   c - Spider Form                    Transmutation/Poison         3
   d - Ice Form                       Ice/Transmutation            4
   e - Blade Hands                    Transmutation                5
Comestibles
 f - 13 rations


   Skills:
 + Level 10.0 Fighting
 + Level 3.8(9.3) Polearms
 + Level 12.9(13.1) Staves
 + Level 12.2 Armour
 + Level 4.3 Dodging
 + Level 2.4 Stealth
   Level 5.0 Shields


You had 10 spell levels left.
You didn't know any spells.

Dungeon Overview and Level Annotations

Branches:
Dungeon (8/15)             Temple (0/1) D:7            Lair (2/6) D:8
  Swamp: Lair:2-4    Shoals: Lair:2-4     Snake: Lair:2-4    Spider: Lair:2-4

Altars:
Ashenzari
Elyvilon
Gozag
Hepliaklqana
Okawaru
Ru
Uskayaw
Zin

Shops:
D:4 %   D:5 *([*


Innate Abilities, Weirdness & Mutations

You reflexively headbutt those who attack you in melee.
You have a pair of horns on your head.


Message History

The eight-headed hydra bites you.
* * * LOW HITPOINT WARNING * * *
The eight-headed hydra bites you but does no damage.
The eight-headed hydra bites you.
* * * LOW HITPOINT WARNING * * *
The eight-headed hydra bites you!
* * * LOW HITPOINT WARNING * * *
The eight-headed hydra barely misses you.
The eight-headed hydra bites you!
* * * LOW HITPOINT WARNING * * *
The eight-headed hydra bites you.
* * * LOW HITPOINT WARNING * * *
Okay, then.
As you read the scroll of teleportation, it crumbles to dust.
You feel strangely unstable.
The eight-headed hydra bites you but does no damage. x3
The eight-headed hydra closely misses you.
The eight-headed hydra bites you!
You die...
Your body crumbles into a pile of gold.

#.. .......
..##.#.P.##.
#...........
#...........
##...........
#............
#...D.##P.#.
#...@.......
#........[#..
#.........#...
#..#..........
#....(....#...
#..#..........
#..#..........
##..#......P...
#..........#..


You could see an eight-headed hydra.

Vanquished Creatures
  3 deep elf magi (Bailey)
  2 black mambas (Lair:1)
  Maurice (D:8)
  The ghost of Theoretic the Twirler, a novice GrGl (D:4)
  A polar bear (Lair:1)
  3 hippogriffs
  Sigmund (D:2)
  A spriggan (D:8)
  10 yaks
  The ghost of Unforgiven the Shield-Bearer, an amateur MiFi (D:3)
  A golden eye (Lair:2)
  6 water moccasins
  4 porcupines (Lair:1)
  10 ice beasts
  5 sky beasts
  2 ogres (D:6)
  A black bear (Lair:1)
  A phantom (D:5)
  3 wolves (IceCv)
  4 centaurs
  A crocodile (Lair:1)
  A big kobold (D:7)
  3 bullfrogs
  A gnoll sergeant (D:8)
  A scorpion (D:6)
  4 howler monkeys
  An electric eel (Lair:1)
  A bullfrog zombie (D:8)
  5 crimson imps
  A jelly (D:8)
  Crazy Yiuf (D:2)
  4 hounds
  A centaur skeleton (D:5)
  An orc wizard (D:4)
  A bullfrog skeleton (D:5)
  Terence (D:3)
  Jessica (D:3)
  5 worker ants
  Natasha (thrice) (D:3)
  4 iguanas
  Ijyb (D:5)
  A killer bee zombie (D:5)
  A howler monkey zombie (D:5)
  A worker ant zombie (D:8)
  Robin (D:4)
  4 gnolls (D:8)
  9 adders
  2 shadow imps
  An adder skeleton (D:6)
  3 worms (D:2)
  A dart slug (D:1)
  4 leopard geckos
  18 orcs
  13 bats
  A giant cockroach (D:3)
  14 goblins
  10 hobgoblins
  22 jackals
  2 quokkas
  A ball python skeleton (D:5)
  A ball python zombie (D:5)
  5 frilled lizards
  7 kobolds
  A leopard gecko skeleton (D:8)
  4 rats
230 creatures vanquished.

Vanquished Creatures (others)
  A deep elf mage (Bailey)
  A yak (IceCv)
  A worker ant (D:6)
  2 fungi (Lair:1)
  6 plants
11 creatures vanquished.

Grand Total: 241 creatures vanquished

Notes
Turn   | Place    | Note
-------+----------+-------------------------------------------
     0 | D:1      | tamerofbeasts the Minotaur Fighter began the quest for the Orb.
     0 | D:1      | Reached XP level 1. HP: 19/19 MP: 0/0
   124 | D:1      | Reached XP level 2. HP: 25/27 MP: 1/1
   604 | D:1      | Reached XP level 3. HP: 30/33 MP: 2/2
  1034 | D:2      | Found a runed door.
  1117 | D:2      | Noticed Crazy Yiuf
  1122 | D:2      | Killed Crazy Yiuf
  1122 | D:2      | Reached XP level 4. HP: 30/40 MP: 3/3
  1460 | D:2      | Reached skill level 1 in Dodging
  1629 | D:2      | Reached skill level 1 in Staves
  1649 | D:2      | Noticed Sigmund
  1657 | D:2      | Killed Sigmund
  1657 | D:2      | Reached skill level 5 in Shields
  1657 | D:2      | Reached XP level 5. HP: 32/47 MP: 4/4
  1657 | D:2      | Reached XP level 6. HP: 36/53 MP: 5/5
  1876 | D:3      | Noticed Unforgiven's ghost (amateur MiFi)
  1886 | D:3      | Killed Unforgiven's ghost
  1886 | D:3      | Reached skill level 5 in Armour
  1893 | D:3      | Reached skill level 5 in Fighting
  2106 | D:3      | Found a shattered altar of Ashenzari.
  2272 | D:3      | Noticed Jessica
  2279 | D:3      | Killed Jessica
  2295 | D:3      | Noticed Terence
  2295 | D:3      | Noticed Natasha
  2302 | D:3      | Killed Natasha
  2307 | D:3      | Noticed Natasha
  2314 | D:3      | Killed Terence
  2314 | D:3      | Reached XP level 7. HP: 54/61 MP: 6/6
  2317 | D:3      | Killed Natasha
  2383 | D:3      | Noticed Natasha
  2391 | D:3      | Killed Natasha
  2488 | D:4      | Reached skill level 5 in Staves
  2541 | D:4      | Noticed Robin
  2555 | D:4      | Killed Robin
  2845 | D:4      | Noticed Theoretic's ghost (novice GrGl)
  2867 | D:4      | HP: 3/61 [Theoretic's ghost (6)]
  2868 | D:4      | Killed Theoretic's ghost
  2868 | D:4      | Reached skill level 1 in Stealth
  3011 | D:4      | Found a sacrificial altar of Ru.
  3086 | D:4      | Found Kuanoufo's Food Emporium.
  3221 | D:4      | You fall through a shaft!
  3221 | D:5      | Entered Level 5 of the Dungeon
  3347 | D:5      | Noticed Ijyb
  3361 | D:5      | Killed Ijyb
  3361 | D:5      | Reached XP level 8. HP: 66/70 MP: 7/7
  3365 | D:5      | Found Gifebbul's Armour Shop.
  3366 | D:5      | Found Jenepo Beta's Antique Weapon Shop.
  3515 | D:5      | Found a hide-covered altar of Uskayaw.
  3584 | D:5      | Found Tyan Qio's General Store.
  3598 | D:5      | Bought a potion of heal wounds for 55 gold pieces
  3743 | D:5      | Found Gozag's Platinum Reserve.
  3744 | D:5      | Found an opulent altar of Gozag.
  3788 | D:5      | Became a worshipper of Gozag Ym Sagoz the Greedy
  4507 | D:6      | Reached XP level 9. HP: 55/78 MP: 5/8
  4636 | D:6      | Found a white marble altar of Elyvilon.
  5549 | D:7      | Got a pair of spiked gloves
  5560 | D:7      | Identified the +2 pair of gloves of the Equator {rElec rPois MR- Dex+4} (You found it on level 7 of the Dungeon)
  5673 | D:7      | Reached skill level 10 in Staves
  5884 | D:7      | Found a staircase to the Ecumenical Temple.
  6362 | D:8      | Found an iron altar of Okawaru.
  6445 | D:8      | Found a hazy altar of Hepliaklqana.
  6458 | D:8      | Found a staircase to the Lair.
  6459 | D:8      | Noticed a komodo dragon
  6520 | D:8      | Found a flagged portal.
  6531 | Bailey   | Entered a bailey
  6537 | Bailey   | Noticed a deep elf mage
  6543 | Bailey   | Killed a deep elf mage
  6543 | Bailey   | Reached XP level 10. HP: 88/88 MP: 9/9
  6552 | Bailey   | Noticed a deep elf mage
  6553 | Bailey   | Noticed a deep elf mage
  6553 | Bailey   | Noticed a deep elf mage
  6553 | Bailey   | Noticed a deep elf mage
  6554 | Bailey   | Noticed a deep elf mage
  6554 | Bailey   | Noticed a deep elf mage
  6555 | Bailey   | Killed a deep elf mage
  6557 | Bailey   | Noticed a rust devil
  6559 | Bailey   | Killed a deep elf mage
  6559 | Bailey   | Reached skill level 10 in Armour
  6567 | Bailey   | Killed a deep elf mage
  7162 | D:8      | Found a glowing silver altar of Zin.
  7350 | D:8      | Noticed Maurice
  7369 | D:8      | Killed Maurice
  7527 | Lair:1   | Entered Level 1 of the Lair of Beasts
  7910 | Lair:1   | Noticed a black mamba
  7921 | Lair:1   | Killed a black mamba
  7925 | Lair:1   | Killed a black mamba
  7979 | Lair:1   | Reached XP level 11. HP: 49/97 MP: 10/10
  8061 | Lair:1   | Found a frozen archway.
  8074 | IceCv    | Entered an ice cave
  8918 | Lair:2   | Reached skill level 10 in Fighting
  8963 | Lair:2   | Noticed an eight-headed hydra
  8973 | Lair:2   | Slain by an eight-headed hydra

Skill      XL: |  1  2  3  4  5  6  7  8  9 10 11 |
---------------+----------------------------------+-----
Armour         | 4 5 6 7 9 11 12 | 12.2
Fighting       | 4 5 6 8 9 10 | 10.0
Shields        | 4 5 |  5.0
Polearms       | 3 |  3.8
Dodging        | 1 2 3 4 |  4.3
Staves         | 2 4 6 8 10 12 | 12.9
Stealth        | 1 2 |  2.4

Action                   |  1- 3 |  4- 6 |  7- 9 | 10-12 || total
-------------------------+-------+-------+-------+-------++-------
Melee: Trident           |   100 |       |       |       ||   100
       Headbutt          |    15 |    16 |    51 |    64 ||   146
       Quarterstaff      |       |    64 |   264 |   217 ||   545
  Use: Potion            |       |       |     2 |     1 ||     3
       Scroll            |       |       |    17 |     2 ||    19
 Stab: Confused          |       |     1 |     1 |       ||     2
       Paralysed         |       |       |     1 |       ||     1
       Distracted        |       |       |       |     1 ||     1
  Eat: Ration            |     2 |       |     5 |     3 ||    10
Armor: Scale mail        |    58 |    40 |    45 |       ||   143
       Chain mail        |       |       |   110 |   110 ||   220
Dodge: Dodged            |    32 |    36 |   132 |   105 ||   305
Block: Shield            |    82 |       |       |       ||    82
